[Event "Groningen Festival 2019-A"]
[Site "Groningen"]
[Date "2019.12.29"]
[Round "8.2"]
[White "Poetsch, Hagen"]
[Black "Van Foreest, Lucas"]
[Result "1-0"]
[ECO "C58"]
[WhiteElo "2522"]
[BlackElo "2526"]
[Annotator "ChessBase"]
[PlyCount "83"]
[EventDate "2019.12.15"]
[EventType "swiss"]
[EventCountry "NED"]
[SourceTitle "playchess.com"]
[Source "ChessBase"]
[SourceQuality "1"]
[TimeControl "40/5400+30:1800+30"]

1. e4 e5 2. Nf3 Nc6 3. Bc4 Nf6 4. Ng5 d5 5. exd5 Na5 6. Bb5+ c6 7. dxc6 bxc6 8. Bd3 Nd5 9. h4 Be7 10. Nc3 Nf4 11. Bf1 h6 12. Nf3 Bg4 13. d4 Ne6 14. dxe5 Qxd1+ 15. Nxd1 Bxf3 16. gxf3 Nd4 17. Ne3 Nxf3+ 18. Ke2 Nxe5 19. b3 O-O-O 20. Bb2 Bf6 21. Bg2 Kc7 22. Rad1 Nb7 23. h5 Nc5 24. Bc3 Rxd1 25. Ba5+ Kb8 26. Rxd1 Re8 27. Kf1 Nb7 28. Bc3 Kc7 29. Nf5 Ng4 30. Nxg7 Bxg7 31. Bxg7 Rg8 32. Bc3 Rg5 33. Bh3 f5 34. Bd2 Rxh5 35. Bf4+ Kb6 36. Bg2 Nc5 37. Rd6 Ne4 38. Rg6 Nexf2 39. Rxc6+ Kb5 40. a4+ Kb4 41. Bd6+ Ka5 42. c3 1-0

[Event "Groningen Festival 2019-A"]
[Site "Groningen"]
[Date "2019.12.29"]
[Round "8.3"]
[White "Sargsyan, Shant"]
[Black "Lubbe, Nikolas"]
[Result "1-0"]
[ECO "D35"]
[WhiteElo "2601"]
[BlackElo "2451"]
[Annotator "ChessBase"]
[PlyCount "67"]
[EventDate "2019.12.15"]
[EventType "swiss"]
[EventCountry "NED"]
[SourceTitle "playchess.com"]
[Source "ChessBase"]
[SourceQuality "1"]
[TimeControl "40/5400+30:1800+30"]

1. d4 d5 2. c4 e6 3. Nc3 Nf6 4. cxd5 exd5 5. Bg5 c6 6. e3 Be7 7. Bd3 Nbd7 8. h3 Nf8 9. Nf3 Ne6 10. Bh4 g6 11. O-O O-O 12. Rb1 Ng7 13. b4 a6 14. Na4 Nf5 15. Bg5 Ne4 16. Bxe7 Qxe7 17. Qc2 Nfd6 18. Nc5 f5 19. Ne5 f4 20. exf4 Rxf4 21. Rbe1 Ng5 22. Nxg6 Nxh3+ 23. gxh3 Qg5+ 24. Kh2 hxg6 25. Rg1 Qh4 26. Rxg6+ Kh8 27. Rg3 Bg4 28. Reg1 Qf6 29. Rxg4 Rxf2+ 30. Qxf2 Qxf2+ 31. R1g2 Qe1 32. Nd7 Nf7 33. Nf6 Nh6 34. Rg7 1-0

[Event "Groningen Festival 2019-A"]
[Site "Groningen"]
[Date "2019.12.29"]
[Round "8.5"]
[White "Krasenkow, Michal"]
[Black "De Jong, Migchiel"]
[Result "1/2-1/2"]
[ECO "B00"]
[WhiteElo "2611"]
[BlackElo "2326"]
[Annotator "ChessBase"]
[PlyCount "126"]
[EventDate "2019.12.15"]
[EventType "swiss"]
[EventCountry "NED"]
[SourceTitle "playchess.com"]
[Source "ChessBase"]
[SourceQuality "1"]
[TimeControl "40/5400+30:1800+30"]

1. Nf3 b6 2. e4 Bb7 3. Nc3 e6 4. d4 Bb4 5. Bd3 Nf6 6. Qe2 d5 7. exd5 Qxd5 8. O-O Bxc3 9. bxc3 O-O 10. c4 Qh5 11. Ne5 Qxe2 12. Bxe2 Nbd7 13. f4 c5 14. c3 Rfd8 15. a4 Ne4 16. Bb2 f6 17. Ng4 Nd2 18. Rfd1 Nb3 19. Ra2 Rac8 20. Ne3 f5 21. d5 g6 22. g4 Nf6 23. g5 Nh5 24. Bxh5 gxh5 25. Ba3 Ba6 26. Re1 Rd6 27. Kf2 Rf8 28. a5 bxa5 29. Rb2 a4 30. Rxb3 axb3 31. Bxc5 Rd7 32. Bxf8 Kxf8 33. Rb1 exd5 34. Rxb3 d4 35. cxd4 Rxd4 36. Rb8+ Kf7 37. Ra8 Rxf4+ 38. Kg3 Rf3+ 39. Kh4 Bxc4 40. Nxc4 Rf4+ 41. Kxh5 Rxc4 42. Rxa7+ Kg8 43. Ra5 f4 44. Kg4 Kg7 45. Ra7+ Kg8 46. Ra6 Kg7 47. Rf6 Rc2 48. h4 Rg2+ 49. Kxf4 Rf2+ 50. Ke5 Rh2 51. Rh6 Rh1 52. Kf5 Rf1+ 53. Kg4 Rg1+ 54. Kh5 Ra1 55. Rb6 Ra7 56. Rc6 Rb7 57. Ra6 Rc7 58. Ra4 Rb7 59. Kg4 h6 60. Kh5 hxg5 61. hxg5 Rb6 62. Ra7+ Kg8 63. g6 Rb1 1/2-1/2

[Event "Groningen Festival 2019-A"]
[Site "Groningen"]
[Date "2019.12.29"]
[Round "8.6"]
[White "Ernst, Sipke"]
[Black "Zwirs, Nico"]
[Result "1-0"]
[ECO "E11"]
[WhiteElo "2541"]
[BlackElo "2422"]
[Annotator "ChessBase"]
[PlyCount "87"]
[EventDate "2019.12.15"]
[EventType "swiss"]
[EventCountry "NED"]
[SourceTitle "playchess.com"]
[Source "ChessBase"]
[SourceQuality "1"]
[TimeControl "40/5400+30:1800+30"]

1. d4 Nf6 2. c4 e6 3. g3 d5 4. Bg2 Bb4+ 5. Bd2 Be7 6. Nf3 O-O 7. O-O c6 8. Qc2 b6 9. Rd1 Nbd7 10. b3 a5 11. Bc3 Ne4 12. Ne5 Nxe5 13. Bxe4 f5 14. Bg2 Ng4 15. Be1 Bd6 16. Nc3 Ra7 17. Na4 f4 18. Rd3 Raf7 19. Nxb6 Nxf2 20. Bxf2 fxg3 21. hxg3 Qxb6 22. c5 Qa7 23. cxd6 Rxf2 24. Bf3 R8xf3 25. Rxf3 Rxf3 26. exf3 Qxd4+ 27. Kg2 Bd7 28. Rh1 h6 29. Rh5 Qb4 30. Rxh6 gxh6 31. Qg6+ Kh8 32. Qf6+ Kh7 33. Qf7+ Kh8 34. Qxd7 Qd2+ 35. Kh3 Qe2 36. Qf7 Qf1+ 37. Kg4 Qc1 38. Qf6+ Kh7 39. Qe7+ Kg6 40. Qxe6+ Kg7 41. Qe7+ Kg6 42. Qe8+ Kf6 43. Qf8+ Ke6 44. Qe7# 1-0

[Event "Groningen Festival 2019-A"]
[Site "Groningen"]
[Date "2019.12.29"]
[Round "8.7"]
[White "Zhou, Guijue"]
[Black "Beerdsen, Thomas"]
[Result "0-1"]
[ECO "B22"]
[WhiteElo "2238"]
[BlackElo "2482"]
[Annotator "ChessBase"]
[PlyCount "104"]
[EventDate "2019.12.15"]
[EventType "swiss"]
[EventCountry "NED"]
[SourceTitle "playchess.com"]
[Source "ChessBase"]
[SourceQuality "1"]
[TimeControl "40/5400+30:1800+30"]

1. e4 c5 2. Nf3 e6 3. c3 d5 4. exd5 Qxd5 5. d4 Nf6 6. Na3 Nc6 7. Be3 cxd4 8. Nb5 Qd7 9. Nbxd4 Be7 10. Nxc6 Qxc6 11. Ne5 Qe4 12. Bb5+ Kf8 13. Nf3 Nd5 14. Bd3 Qg4 15. O-O Nf4 16. Bxf4 Qxf4 17. Re1 Bf6 18. Re4 Qd6 19. Bc2 Qc7 20. Qe2 Bd7 21. Ba4 Rd8 22. Rc4 Qb8 23. Bxd7 Rxd7 24. Rd1 Rxd1+ 25. Qxd1 Ke7 26. Qb3 Rd8 27. g3 Rd7 28. a4 Qd6 29. Nd4 g6 30. Nb5 Qd1+ 31. Qxd1 Rxd1+ 32. Kg2 a6 33. Rc7+ Rd7 34. Rxd7+ Kxd7 35. Na3 Kc6 36. Kf3 Kd5 37. Ke3 Bg5+ 38. Kd3 e5 39. b3 e4+ 40. Ke2 Bf6 41. Kd2 Be7 42. Nc4 f5 43. Ne3+ Ke6 44. Nc4 h5 45. h3 h4 46. gxh4 Bxh4 47. Ke2 Bf6 48. Kd2 f4 49. Kc2 Bh4 50. Kd2 Bxf2 51. Ke2 Ba7 52. Na5 f3+ 0-1

[Event "Groningen Festival 2019-A"]
[Site "Groningen"]
[Date "2019.12.29"]
[Round "8.9"]
[White "Hilverda, Alexander"]
[Black "Davtyan, Artur"]
[Result "0-1"]
[ECO "E01"]
[WhiteElo "2294"]
[BlackElo "2437"]
[Annotator "NA"]
[PlyCount "46"]
[EventDate "2019.12.15"]
[EventType "swiss"]
[EventCountry "NED"]
[SourceTitle "playchess.com"]
[Source "ChessBase"]
[SourceQuality "1"]
[TimeControl "40/5400+30:1800+30"]

1. d4 d5 2. c4 c6 3. Nf3 Nf6 4. Nc3 e6 5. g3 dxc4 6. Bg2 Nbd7 7. O-O b5 8. e4 b4 9. Na4 Be7 10. Qc2 Ba6 11. Re1 O-O 12. Bg5 Bb5 13. Nc5 Nxc5 14. dxc5 Nd7 15. Red1 Bxg5 16. Nxg5 Qxg5 17. Rxd7 Rad8 18. Rad1 Rxd7 19. Rxd7 Qxc5 20. Bf1 g6 21. Rd1 c3 22. bxc3 bxc3 23. Rc1 Rd8 0-1

[Event "Groningen Festival 2019-A"]
[Site "Groningen"]
[Date "2019.12.29"]
[Round "8.10"]
[White "Grutter, Tim"]
[Black "Danada, Tomas"]
[Result "1-0"]
[ECO "B33"]
[WhiteElo "2214"]
[BlackElo "2271"]
[Annotator "NA"]
[PlyCount "127"]
[EventDate "2019.12.15"]
[EventType "swiss"]
[EventCountry "NED"]
[SourceTitle "playchess.com"]
[Source "ChessBase"]
[SourceQuality "1"]
[TimeControl "40/5400+30:1800+30"]

1. e4 c5 2. Nf3 Nc6 3. d4 cxd4 4. Nxd4 Qb6 5. Nb3 Nf6 6. Nc3 e6 7. Be3 Qc7 8. a3 Be7 9. Be2 O-O 10. O-O Rd8 11. f4 d6 12. Qe1 a6 13. Qf2 Nd7 14. g4 b5 15. g5 Rb8 16. Qh4 Nb6 17. Rf3 d5 18. Rd1 Na4 19. f5 Nxc3 20. bxc3 exf5 21. exd5 Ne5 22. Rh3 h6 23. Qg3 hxg5 24. Bxg5 Bxg5 25. Qxg5 Rb6 26. Qf4 Rg6+ 27. Kf1 Qb6 28. Rg3 Ng4 29. h3 Nf6 30. Rxg6 fxg6 31. Bf3 Bb7 32. c4 bxc4 33. Qxc4 Qd6 34. Qc5 Qf4 35. Qf2 Qc4+ 36. Qe2 Qh4 37. Qg2 Ne4 38. c4 Ng3+ 39. Kg1 Qxc4 40. Qxg3 Qxb3 41. Kg2 Qb2+ 42. Qf2 Qf6 43. Qd2 f4 44. Kh2 Kh7 45. Qd3 Rd6 46. Be4 Bc8 47. Qf3 Kh6 48. Rd2 g5 49. Kg2 Bf5 50. Qd3 g6 51. Rc2 Qe5 52. Bxf5 Rxd5 53. Qxa6 f3+ 54. Kf2 Qh2+ 55. Ke3 Qf4+ 56. Kf2 Qd4+ 57. Kf1 Rxf5 58. Qc4 Qd1+ 59. Kf2 Re5 60. h4 Qh1 61. Kg3 Qg1+ 62. Kh3 gxh4 63. Qf4+ Rg5 64. Qf8+ 1-0

[Event "Groningen Festival 2019-A"]
[Site "Groningen"]
[Date "2019.12.29"]
[Round "8.11"]
[White "Tiviakov, Sergei"]
[Black "Mollema, Thomas"]
[Result "1-0"]
[ECO "A05"]
[WhiteElo "2615"]
[BlackElo "2207"]
[Annotator "ChessBase"]
[PlyCount "65"]
[EventDate "2019.12.15"]
[EventType "swiss"]
[EventCountry "NED"]
[SourceTitle "playchess.com"]
[Source "ChessBase"]
[SourceQuality "1"]
[TimeControl "40/5400+30:1800+30"]

1. e4 e5 2. Nf3 Nf6 3. d3 d6 4. g3 g6 5. Bg2 Bg7 6. O-O O-O 7. c3 c6 8. Re1 Re8 9. Nbd2 Nbd7 10. b4 Qc7 11. Nb3 b6 12. Nfd2 d5 13. a4 a5 14. bxa5 bxa5 15. Qc2 Bb7 16. c4 dxe4 17. dxe4 c5 18. Nf1 Nb8 19. Qc3 Nfd7 20. Ne3 Nc6 21. Nd5 Qd8 22. Ba3 Nb4 23. Bh3 f5 24. Rad1 Bc6 25. exf5 Bxa4 26. Bxb4 cxb4 27. Qe3 Qb8 28. fxg6 Nf8 29. Nb6 Bxb3 30. Qxb3 Ra7 31. c5+ Kh8 32. gxh7 e4 33. Qg8# 1-0

[Event "Groningen Festival 2019-A"]
[Site "Groningen"]
[Date "2019.12.29"]
[Round "8.12"]
[White "Maris, Ivo"]
[Black "Van Baar, Esper"]
[Result "1/2-1/2"]
[ECO "A06"]
[WhiteElo "2413"]
[BlackElo "2181"]
[Annotator "NA RC"]
[PlyCount "58"]
[EventDate "2019.12.15"]
[EventType "swiss"]
[EventCountry "NED"]
[SourceTitle "playchess.com"]
[Source "ChessBase"]
[SourceQuality "1"]
[TimeControl "40/5400+30:1800+30"]

1. Nf3 d5 2. b3 Nf6 3. Bb2 Bg4 4. g3 Bxf3 5. exf3 e6 6. Bg2 Bd6 7. O-O O-O 8. d4 c6 9. Nd2 Qe7 10. a4 a5 11. f4 Nbd7 12. Re1 Qd8 13. Nf3 b5 14. Ne5 Qc7 15. Re3 Rfb8 16. g4 bxa4 17. g5 Bxe5 18. fxe5 Ne8 19. Ba3 g6 20. bxa4 Nb6 21. Bf1 Qd8 22. Qg4 Nxa4 23. Rh3 Nb6 24. Rh6 Ng7 25. Bd3 Nd7 26. Qh4 Nf8 27. Re1 Rb4 28. Re3 Rxd4 29. Qh3 Qxg5+ 1/2-1/2

[Event "Groningen Festival 2019-A"]
[Site "Groningen"]
[Date "2019.12.30"]
[Round "9.1"]
[White "Poetsch, Hagen"]
[Black "Vrolijk, Liam"]
[Result "1/2-1/2"]
[ECO "B94"]
[WhiteElo "2522"]
[BlackElo "2467"]
[Annotator "ChessBase"]
[PlyCount "49"]
[EventDate "2019.12.15"]
[EventType "swiss"]
[EventCountry "NED"]
[SourceTitle "playchess.com"]
[Source "ChessBase"]
[SourceQuality "1"]
[TimeControl "40/5400+30:1800+30"]

1. e4 c5 2. Nf3 d6 3. d4 cxd4 4. Nxd4 Nf6 5. Nc3 a6 6. Bg5 Nbd7 7. Qe2 h6 8. Bh4 g6 9. f4 e5 10. fxe5 dxe5 11. O-O-O Qc7 12. Nb3 b5 13. Rxd7 Nxd7 14. Nd5 Qb8 15. Na5 Bg7 16. Qf3 Bb7 17. Qa3 Bf8 18. Qd3 Bg7 19. Qa3 Bf8 20. Qd3 Bg7 21. Be2 Ra7 22. Rd1 Ba8 23. Bg4 Kf8 24. Bf2 Nf6 25. Qa3+ 1/2-1/2

[Event "Groningen Festival 2019-A"]
[Site "Groningen"]
[Date "2019.12.30"]
[Round "9.3"]
[White "Davtyan, Artur"]
[Black "Ernst, Sipke"]
[Result "1-0"]
[ECO "A85"]
[WhiteElo "2437"]
[BlackElo "2541"]
[Annotator "ChessBase"]
[PlyCount "105"]
[EventDate "2019.12.15"]
[EventType "swiss"]
[EventCountry "NED"]
[SourceTitle "playchess.com"]
[Source "ChessBase"]
[SourceQuality "1"]
[TimeControl "40/5400+30:1800+30"]

1. d4 f5 2. c4 Nf6 3. Nc3 e6 4. Nf3 Bb4 5. Bd2 O-O 6. e3 d6 7. Qc2 Qe7 8. Bd3 b6 9. d5 g6 10. dxe6 Bxe6 11. O-O Bxc3 12. Bxc3 Nbd7 13. b4 c5 14. b5 Ng4 15. Bb2 h6 16. Rfd1 a5 17. Rd2 Rad8 18. Rad1 Nde5 19. Be2 Kh7 20. Nxe5 Nxe5 21. Qc3 Rg8 22. f4 Nf7 23. Bf3 Rde8 24. e4 fxe4 25. Bxe4 Bg4 26. Re1 Qd7 27. Re3 Bf5 28. Bxf5 gxf5 29. Rde2 Re4 30. Rxe4 fxe4 31. Rxe4 d5 32. cxd5 Qxd5 33. Qc2 Qf5 34. Qe2 Rg4 35. Qf3 Ng5 36. Re7+ Kg6 37. Qc6+ Kh5 38. Qe8+ Kh4 39. g3+ Rxg3+ 40. hxg3+ Kxg3 41. Re3+ Nf3+ 42. Rxf3+ Kxf3 43. Qc6+ Kxf4 44. Bc1+ Ke5 45. Qxb6 Qg4+ 46. Kf2 Qh4+ 47. Ke2 Qh2+ 48. Kd1 Kd4 49. Qxh6 Qg1+ 50. Kc2 Kc4 51. Qe6+ Kxb5 52. a4+ Kxa4 53. Qb3# 1-0

[Event "Groningen Festival 2019-A"]
[Site "Groningen"]
[Date "2019.12.30"]
[Round "9.4"]
[White "Fier, Alexandr"]
[Black "Ulybin, Mikhail"]
[Result "0-1"]
[ECO "B13"]
[WhiteElo "2528"]
[BlackElo "2453"]
[Annotator "ChessBase"]
[PlyCount "86"]
[EventDate "2019.12.15"]
[EventType "swiss"]
[EventCountry "NED"]
[SourceTitle "playchess.com"]
[Source "ChessBase"]
[SourceQuality "1"]
[TimeControl "40/5400+30:1800+30"]

1. Nf3 Nf6 2. d4 d5 3. c4 c5 4. e3 cxd4 5. exd4 Nc6 6. Nc3 Bg4 7. cxd5 Nxd5 8. Qb3 Bxf3 9. gxf3 e6 10. Qxb7 Nxd4 11. Bb5+ Nxb5 12. Qc6+ Ke7 13. Qxb5 Qd7 14. Nxd5+ Qxd5 15. Qxd5 exd5 16. Bf4 Ke6 17. O-O-O Rd8 18. Rhe1+ Kf5 19. Be3 Rd7 20. a3 Be7 21. Rd4 Bc5 22. Rg4 Bxe3+ 23. fxe3 Rc8+ 24. Kb1 f6 25. Rd1 Rcc7 26. Rgd4 Ke6 27. R4d3 g5 28. b4 h5 29. Kb2 g4 30. Kb3 f5 31. Rd4 Rc4 32. b5 gxf3 33. a4 Ke5 34. R4d2 Ke4 35. a5 Kxe3 36. b6 axb6 37. axb6 Rc6 38. Rd3+ Ke4 39. Rd4+ Ke5 40. Rb4 Rb7 41. Rb5 Rcxb6 42. Rdxd5+ Ke4 43. Re5+ Kd3 0-1

[Event "Groningen Festival 2019-A"]
[Site "Groningen"]
[Date "2019.12.30"]
[Round "9.6"]
[White "Lubbe, Nikolas"]
[Black "Tiviakov, Sergei"]
[Result "0-1"]
[ECO "E07"]
[WhiteElo "2451"]
[BlackElo "2615"]
[Annotator "ChessBase"]
[PlyCount "118"]
[EventDate "2019.12.15"]
[EventType "swiss"]
[EventCountry "NED"]
[SourceTitle "playchess.com"]
[Source "ChessBase"]
[SourceQuality "1"]
[TimeControl "40/5400+30:1800+30"]

1. g3 Nf6 2. Bg2 d5 3. Nf3 e6 4. O-O Be7 5. c4 O-O 6. d4 c6 7. Nc3 Nbd7 8. Nd2 b6 9. e4 dxc4 10. Nxc4 Ba6 11. b3 b5 12. Ne3 b4 13. Ne2 e5 14. Nf5 Re8 15. Re1 Bf8 16. Bb2 Qb6 17. Rc1 Rac8 18. Ne3 exd4 19. Bxd4 Qb8 20. Qc2 Ne5 21. Nc4 Nxc4 22. bxc4 Nd7 23. c5 Ne5 24. Red1 Rcd8 25. Nf4 Bb5 26. Qb3 a5 27. h4 Re7 28. h5 Red7 29. Qb2 h6 30. Kh2 Nd3 31. Rxd3 Bxd3 32. Be3 Re7 33. Nxd3 Rxd3 34. Bf4 Qc8 35. e5 Qg4 36. Bxc6 Qxh5+ 37. Kg2 Rd1 38. Rxd1 Qxd1 39. Bf3 Qe1 40. c6 g5 41. Be3 Qc3 42. Qb3 Qxb3 43. axb3 Bg7 44. Bc5 Re8 45. e6 fxe6 46. Bd6 a4 47. bxa4 b3 48. a5 Bc3 49. a6 Bd4 50. Be4 Rc8 51. g4 Kf7 52. Kf3 b2 53. c7 Kf6 54. Ke2 Be5 55. a7 Bxd6 56. a8=Q b1=Q 57. Qa4 Qb4 58. Qa1+ Be5 59. Qh1 Ke7 0-1

[Event "Groningen Festival 2019-A"]
[Site "Groningen"]
[Date "2019.12.30"]
[Round "9.7"]
[White "Grutter, Tim"]
[Black "Krasenkow, Michal"]
[Result "0-1"]
[ECO "B06"]
[WhiteElo "2214"]
[BlackElo "2611"]
[Annotator "ChessBase"]
[PlyCount "128"]
[EventDate "2019.12.15"]
[EventType "swiss"]
[EventCountry "NED"]
[SourceTitle "playchess.com"]
[Source "ChessBase"]
[SourceQuality "1"]
[TimeControl "40/5400+30:1800+30"]

1. e4 g6 2. d4 Bg7 3. Nc3 d6 4. Bg5 a6 5. f4 b5 6. Nf3 Bb7 7. Bd3 c5 8. dxc5 dxc5 9. e5 Nh6 10. Be4 Nc6 11. O-O Nf5 12. Nd5 h6 13. Bxf5 hxg5 14. Be4 e6 15. Nxg5 exd5 16. Bxd5 O-O 17. Qd3 Nxe5 18. Qh3 Qxg5 19. Bxb7 Qg4 20. Bxa8 Qxh3 21. gxh3 Nc4 22. Bb7 Bxb2 23. Bxa6 Bxa1 24. Rxa1 Na3 25. Rd1 Rb8 26. c3 Rb6 27. Bc8 c4 28. Kf2 b4 29. cxb4 c3 30. Rc1 c2 31. Ke2 Rxb4 32. f5 g5 33. Ba6 Rh4 34. Bd3 Rxh3 35. Bxc2 Rxh2+ 36. Kd3 Rf2 37. Bb3 Rxf5 38. Rc8+ Kg7 39. Ke3 Nb5 40. Rc4 Nd6 41. Rd4 Rf6 42. Rd5 Kh6 43. Bd1 Nc4+ 44. Ke2 g4 45. Rd4 Ne5 46. Ke3 g3 47. Rh4+ Kg7 48. Rh1 Nc4+ 49. Ke4 Nd2+ 50. Kd3 Nf3 51. Bxf3 Rxf3+ 52. Ke4 Rf2 53. a4 f5+ 54. Ke5 g2 55. Rg1 f4 56. a5 f3 57. a6 Rf1 58. a7 Rxg1 59. a8=Q Re1+ 60. Kf5 g1=Q 61. Qb7+ Kh6 62. Qc6+ Kh7 63. Qc7+ Qg7 64. Qh2+ Kg8 0-1

[Event "Groningen Festival 2019-A"]
[Site "Groningen"]
[Date "2019.12.30"]
[Round "9.8"]
[White "De Jong, Migchiel"]
[Black "Gleizerov, Evgeny"]
[Result "0-1"]
[ECO "C11"]
[WhiteElo "2326"]
[BlackElo "2508"]
[Annotator "ChessBase"]
[PlyCount "104"]
[EventDate "2019.12.15"]
[EventType "swiss"]
[EventCountry "NED"]
[SourceTitle "playchess.com"]
[Source "ChessBase"]
[SourceQuality "1"]
[TimeControl "40/5400+30:1800+30"]

1. e4 e6 2. d4 d5 3. Nc3 Nf6 4. e5 Nfd7 5. f4 c5 6. Nf3 Be7 7. Be3 b6 8. Be2 Nc6 9. O-O O-O 10. Kh1 f5 11. exf6 Nxf6 12. Bb5 Qc7 13. Qd2 Bd7 14. f5 Rad8 15. Bf4 Qc8 16. Rae1 Nxd4 17. Nxd4 cxd4 18. Qxd4 Bxb5 19. Nxb5 Bc5 20. Qa4 a6 21. Nc7 exf5 22. Ne6 Ne4 23. Nxf8 Kxf8 24. h3 h6 25. c4 Nf2+ 26. Kh2 Nd3 27. b4 Nxb4 28. cxd5 Nd3 29. Re6 Rxd5 30. Rc6 Qd7 31. Rxc5 bxc5 32. Qxa6 Nxf4 33. Rxf4 Qc7 34. Kg1 Qxf4 35. Qa8+ Ke7 36. Qxd5 c4 37. Qc5+ Ke6 38. Qc6+ Kf7 39. Qd5+ Kf6 40. Qc6+ Kg5 41. a4 Qe3+ 42. Kh2 c3 43. Qc8 Qf4+ 44. Kh1 Qd2 45. h4+ Kg4 46. Qc4+ Kh5 47. Qe6 g6 48. g4+ fxg4 49. Qe5+ Kxh4 50. Qf6+ Kh3 51. Qf1+ Kg3 52. Qg2+ Qxg2# 0-1

[Event "Groningen Festival 2019-A"]
[Site "Groningen"]
[Date "2019.12.30"]
[Round "9.9"]
[White "Kokje, Joris"]
[Black "Pacher, Milan"]
[Result "0-1"]
[ECO "D34"]
[WhiteElo "2222"]
[BlackElo "2427"]
[Annotator "NA"]
[PlyCount "48"]
[EventDate "2019.12.15"]
[EventType "swiss"]
[EventCountry "NED"]
[SourceTitle "playchess.com"]
[Source "ChessBase"]
[SourceQuality "1"]
[TimeControl "40/5400+30:1800+30"]

1. d4 d5 2. c4 e6 3. Nf3 Nf6 4. g3 c5 5. cxd5 exd5 6. Bg2 Nc6 7. O-O Be7 8. Nc3 O-O 9. dxc5 Bxc5 10. Na4 Be7 11. Be3 Ne4 12. Rc1 Be6 13. Nd4 Nxd4 14. Bxd4 Qa5 15. a3 Rac8 $14 16. Rxc8 Rxc8 17. Nc3 Nd6 18. Qb3 Nf5 19. Qxb7 Bxa3 20. Qxa7 Qxa7 21. Bxa7 d4 22. Nb5 Bxb2 23. Rd1 Bc4 24. Bxd4 Rd8 0-1

[Event "Groningen Festival 2019-A"]
[Site "Groningen"]
[Date "2019.12.30"]
[Round "9.10"]
[White "Zwirs, Nico"]
[Black "Hilverda, Alexander"]
[Result "1-0"]
[ECO "A20"]
[WhiteElo "2422"]
[BlackElo "2294"]
[Annotator "NA"]
[PlyCount "74"]
[EventDate "2019.12.15"]
[EventType "swiss"]
[EventCountry "NED"]
[SourceTitle "playchess.com"]
[Source "ChessBase"]
[SourceQuality "1"]
[TimeControl "40/5400+30:1800+30"]

1. c4 e5 2. a3 Nf6 3. d3 c6 4. Nf3 Be7 5. g3 O-O 6. Bg2 Re8 7. O-O Bf8 8. Nc3 h6 9. e4 d5 10. exd5 cxd5 11. cxd5 Nxd5 12. Nxd5 Qxd5 13. Re1 Bg4 14. h3 Bxf3 15. Bxf3 Qd7 16. d4 $14 Nc6 17. dxe5 Nxe5 18. Qxd7 Nxd7 19. Be3 Nc5 20. Rad1 a5 21. Rd5 Rad8 22. Red1 Rxd5 23. Rxd5 b6 24. Kf1 Be7 25. Ke2 Bf6 26. b4 axb4 27. axb4 Na6 28. b5 Nc7 29. Rd3 Bg5 30. Bc6 Rb8 31. f4 Bf6 32. Rd7 Ne6 33. Bd5 Kf8 34. Bxe6 fxe6 35. Rd6 Ke7 36. Rxb6 Ra8 37. Bc5+ Kd7 1-0

[Event "Groningen Festival 2019-A"]
[Site "Groningen"]
[Date "2019.12.30"]
[Round "9.11"]
[White "Maris, Ivo"]
[Black "Zhou, Guijue"]
[Result "1/2-1/2"]
[ECO "A28"]
[WhiteElo "2413"]
[BlackElo "2238"]
[Annotator "NA"]
[PlyCount "113"]
[EventDate "2019.12.15"]
[EventType "swiss"]
[EventCountry "NED"]
[SourceTitle "playchess.com"]
[Source "ChessBase"]
[SourceQuality "1"]
[TimeControl "40/5400+30:1800+30"]

1. a3 Nf6 2. c4 e5 3. Nc3 d5 4. cxd5 Nxd5 5. Nf3 Nc6 6. e4 Nb6 7. Bb5 Bg4 8. h3 Bxf3 9. Bxc6+ bxc6 10. Qxf3 Bc5 11. Ne2 Bd4 12. Ra2 c5 $11 13. b3 a5 14. a4 O-O 15. d3 Re8 16. g4 Nd7 17. Bd2 Qb8 18. Nc1 Ra6 19. Rh2 Rf6 20. Qd1 Qb6 21. g5 Rd6 22. h4 c4 23. bxc4 Nc5 24. Qc2 f6 25. Ke2 f5 26. Be3 fxe4 27. dxe4 Bxe3 28. fxe3 Qc6 29. Nb3 Nxe4 30. c5 Rdd8 31. Qc4+ Kh8 32. Nd2 Ng3+ 33. Ke1 Rf8 34. Rb2 Qg6 35. Qg4 Rxd2 36. Kxd2 Nf1+ 37. Kc3 Nxh2 38. Rxh2 Qb1 39. Qd7 Qb4+ 40. Kc2 Qxc5+ 41. Kd3 Qb4 42. Qxc7 e4+ 43. Kc2 Qxa4+ 44. Kb2 Qb4+ 45. Ka2 Qa4+ 46. Kb2 Qb5+ 47. Ka2 Qd5+ 48. Ka3 Qd3+ 49. Ka4 Qxe3 50. Qd6 Qf3 51. h5 e3 52. Rh4 Qf5 53. h6 Rg8 54. hxg7+ Rxg7 55. Qd8+ Rg8 56. Qd4+ Rg7 57. Qd8+ 1/2-1/2

[Event "Groningen Festival 2019-A"]
[Site "Groningen"]
[Date "2019.12.30"]
[Round "9.12"]
[White "Van Baar, Esper"]
[Black "Kumar, Nikhil"]
[Result "1/2-1/2"]
[ECO "B11"]
[WhiteElo "2181"]
[BlackElo "2315"]
[Annotator "NA"]
[PlyCount "200"]
[EventDate "2019.12.15"]
[EventType "swiss"]
[EventCountry "NED"]
[SourceTitle "playchess.com"]
[Source "ChessBase"]
[SourceQuality "1"]
[TimeControl "40/5400+30:1800+30"]

1. e4 c6 2. Nc3 d5 3. Nf3 Bg4 4. h3 Bxf3 5. Qxf3 e6 6. d4 dxe4 7. Qxe4 Nd7 8. Be3 g6 9. O-O-O Bg7 10. Qd3 Ne7 11. g4 $14 Qa5 12. Kb1 O-O-O 13. Bg2 Qc7 14. Qc4 Rhe8 15. Rhe1 Nb6 16. Qc5 Kb8 17. Bg5 Nd7 18. Qb4 Bf6 19. Ne4 Nd5 20. Qd2 Bxg5 21. Nxg5 Nf4 22. Bf1 Re7 23. Nf3 h6 24. h4 Nb6 25. Re4 Nfd5 26. Qxh6 Nf6 27. Re2 Nxg4 28. Qg5 f5 29. Bh3 Nc4 30. Bxg4 fxg4 31. Qxg4 Qb6 32. c3 Qb5 33. Ne5 a5 34. Nxc4 Qxc4 35. Re5 Rd5 36. Rxe6 Rf7 37. Qe2 Qxe2 38. Rxe2 Rh5 39. Rg1 Rxh4 40. Rxg6 Rh2 41. Rge6 Rfxf2 42. Rxf2 Rxf2 43. Re5 b6 44. Re7 a4 45. a3 Rh2 46. Kc1 b5 47. Re5 Kc7 48. c4 Kb6 49. c5+ Kc7 50. Re1 Kd7 51. Rd1 Ke6 52. Rd2 Rh1+ 53. Kc2 Kd5 54. Kc3 Rc1+ 55. Kd3 Rc4 56. Ke3 Rc1 57. Kd3 b4 58. axb4 Rc4 59. Rh2 Rxd4+ 60. Kc3 Rc4+ 61. Kd3 Rxb4 62. Rh5+ Ke6 63. Kc3 Rb3+ 64. Kc2 Rg3 65. Kb1 a3 66. bxa3 Rxa3 67. Kb2 Rg3 68. Kc2 Kd7 69. Rh7+ Kc8 70. Ra7 Kb8 71. Rh7 Rg5 72. Kb3 Rxc5 73. Rh3 Kc7 74. Rd3 Rh5 75. Kc2 c5 76. Rg3 Kc6 77. Rf3 Rh4 78. Rg3 Rc4+ 79. Kd1 Kd5 80. Kd2 Ra4 81. Kc2 Kc6 82. Rh3 Ra2+ 83. Kc1 Kb5 84. Rg3 Rh2 85. Rf3 Kb4 86. Rg3 Kc4 87. Rf3 Kd4 88. Rg3 Re2 89. Rh3 c4 90. Rg3 Ra2 91. Rh3 Kc5 92. Rg3 Kb4 93. Rh3 Ra1+ 94. Kc2 Ra2+ 95. Kc1 Rg2 96. Rf3 Rg5 97. Kc2 Rg2+ 98. Kc1 c3 99. Rf8 Rg1+ 100. Kc2 Rg2+ 1/2-1/2